 Dungeon Crawl Stone Soup version 0.18-a0-1485-g189885c (webtiles) character file.

174 Karasique the Slasher (level 5, -3/42 HPs)
             Began as a Mummy Chaos Knight on Mar 3, 2016.
             Slain by Menkaure (9 damage)
             ... on level 4 of the Dungeon.
             The game lasted 00:06:03 (2633 turns).

Karasique the Slasher (Mummy Chaos Knight)          Turns: 2633, Time: 00:06:04

Health: -3/42      AC:  7    Str: 15    XL:     5   Next: 28%
Magic:  5/5        EV: 11    Int: 12    God:    Xom [......]
Gold:   218        SH:  0    Dex: 12    Spells: 0 memorised, 4 levels left

rFire  x . .     SeeInvis .     a - +0 falchion (chaos)
rCold  + . .     Gourm    .     b - +3 leather armour
rNeg   + + +     Faith    .     (no shield)
rPois  ∞         Spirit   .     (no helmet)
rElec  .         Dismiss  .     (no cloak)
rCorr  +         Reflect  .     j - +0 pair of gloves
SustAt .         Harm     .     (no boots)
MR     .....                    (no amulet)
Stlth  +.........               (no ring)
                                l - ring of resist corrosion

@: no potions, not resistant to hostile enchantments, very unstealthy
A: no food or potions, fire vulnerability, cold resistance 1, negative energy
resistance 3, torment resistance, unbreathing
a: Renounce Religion


You were on level 4 of the Dungeon.
You worshipped Xom.
You were a very special plaything of Xom.
You were not hungry.

You visited 1 branch of the dungeon, and saw 4 of its levels.

You collected 218 gold pieces.

Inventory:

Hand Weapons
 a - a +0 falchion of chaos (weapon)
Armour
 b - a +3 leather armour (worn)
 j - a +0 pair of gloves (worn)
Jewellery
 l - a ring of resist corrosion (left hand)
Scrolls
 c - a scroll of blinking
 d - a scroll of remove curse
 e - a scroll of enchant armour
 f - a scroll of random uselessness {unknown}
 g - a scroll of fog
 h - a scroll of recharging {unknown}
 i - a scroll of teleportation
 k - 3 scrolls of identify
 m - a scroll of amnesia {unknown}


   Skills:
 + Level 4.2 Fighting
 - Level 4.3 Long Blades
 - Level 1.5 Armour
 + Level 0.8 Dodging


You had 4 spell levels left.
You didn't know any spells.

Dungeon Overview and Level Annotations

Branches:
Dungeon (4/15)
 Temple: D:4-7

Altars:
Cheibriados
Fedhas

Annotations:
D:3 donaldhumph's ghost, amateur MfTm
D:4 Menkaure; Robin


Innate Abilities, Weirdness & Mutations

You do not eat or drink.
Your flesh is vulnerable to fire.
You are immune to poison.
Your flesh is cold resistant.
You are immune to negative energy.
You are immune to unholy pain and torment.
You can survive without breathing.


Message History

You hit Menkaure.
Menkaure is moderately damaged.
Menkaure casts a spell at you.
You are unaffected.
Menkaure barely misses you.
You hit Menkaure.
Menkaure is severely damaged.
Menkaure casts a spell at you.
You are unaffected.
You hit Menkaure.
Your bandages flutter.
Menkaure is severely damaged.
Menkaure hits you!
You barely miss Menkaure.
Menkaure is severely damaged.
Xom notices you.
You resist. x3; Heat is drained from your body!
Menkaure hits you!
You barely miss Menkaure.
Menkaure is severely damaged.
Menkaure hits you!
You die...
Xom laughs nastily!

######## # #.....)#
# # #......#.# #
#...=.... #
#......# # #......#
# #..@M..# #
##'############## #
#.........##..§# #
#.#####......#§# #
#.# #.####.#§# #
#.# ###.# #.#§####
#.# #...## #.#§§§..
#.###.(..###.######
#......_.........#


You could see Menkaure.

Vanquished Creatures
  2 orc priests (D:3)
  4 adders (D:3)
  3 oozes
  5 worms
  3 dart slugs
  A giant gecko (D:2)
  3 orcs
  2 giant cockroaches (D:3)
  7 goblins
  4 hobgoblins
  2 jackals (D:1)
  A ball python (D:3)
  2 bats (D:3)
  2 giant newts (D:3)
  5 kobolds
  5 rats
51 creatures vanquished.

Notes
Turn   | Place    | Note
--------------------------------------------------------------
     0 | D:1      | Karasique the Mummy Chaos Knight began the quest for the Orb.
     0 | D:1      | Reached XP level 1. HP: 18/18 MP: 1/1
   230 | D:1      | XOM: harmless Chrm miscast
   425 | D:1      | XOM: silly message
   502 | D:2      | Reached XP level 2. HP: 24/24 MP: 2/2
   566 | D:2      | XOM: vitrification
   632 | D:2      | XOM: butterfly on damage
   912 | D:2      | Reached XP level 3. HP: 18/29 MP: 3/3
  1154 | D:2      | Found a blossoming altar of Fedhas.
  1432 | D:2      | XOM: colour smoke trail
  1642 | D:3      | XOM: stealth player
  1747 | D:3      | Reached XP level 4. HP: 23/36 MP: 4/4
  1792 | D:3      | Noticed donaldhumph's ghost (amateur MfTm)
  1838 | D:3      | XOM: god gift: crystal ball of energy
  1937 | D:3      | XOM: summons 2 hostile demons
  1941 | D:3      | XOM: noise
  1944 | D:3      | XOM: fog
  1977 | D:3      | XOM: butterfly on damage
  2245 | D:3      | XOM: summons 2 hostile demons
  2294 | D:3      | XOM: stat loss: -1 Str (14/15)
  2376 | D:3      | XOM: harmless Ice miscast
  2410 | D:3      | Reached XP level 5. HP: 42/42 MP: 5/5
  2438 | D:4      | Noticed Robin
  2439 | D:4      | XOM: summons 2 hostile shadow creatures
  2573 | D:4      | XOM: harmless Hex miscast
  2583 | D:4      | Found a snail-covered altar of Cheibriados.
  2624 | D:4      | Noticed Menkaure
  2632 | D:4      | XOM: medium Ice miscast
  2633 | D:4      | Slain by Menkaure

Vault maps used:
D:1:      evilmike_arrival_crescent
D:2:      fedhas_altar_1, bh_walls_and_bars
D:4:      nicolae_overflow_crystal_walls, uniq_robin, uniq_menkaure,
          uniq_grinder

Skill      XL: |  1  2  3  4 |
---------------+-------------+-----
Long Blades    | 3 4 |  4.3
Fighting       | 4 |  4.2
Armour         | |  1.5
Dodging        | |  0.8

Action                   |  1- 3 |  4- 6 || total
-------------------------+-------+-------++-------
Melee: Falchion          |   120 |    77 ||   197
  Use: Scroll            |       |     5 ||     5
